 Dungeon Crawl Stone Soup version 0.31-a0-313-g785cd24033 (webtiles) character file.

Game seed: 2192505332272394376

7098 AlexRAT the Fighter (level 10, -15/141 HPs)
             Began as a Minotaur Berserker on July 17, 2023.
             Was an Elder of Trog.
             Demolished by a death yak (22 damage)
             ... on level 9 of the Dungeon.
             The game lasted 00:11:18 (7690 turns).

AlexRAT the Fighter (Minotaur Berserker)            Turns: 7690, Time: 00:11:19

Health: -15/141    AC: 11    Str: 27    XL:     10   Next: 84%
Magic:  9/9        EV: 15    Int:  4    God:    Trog [****..]
Gold:   395        SH:  0    Dex: 13    Spells: 9/9 levels left

rFire   + . .        K - +0 battleaxe (venom)
rCold   x . .        (shield currently unavailable)
rNeg    . . .        G - +1 ring mail of the Untouchables {Regen+ Dex+4 Slay+3}
rPois   .            (helmet restricted)
rElec   .            x - +0 cloak
rCorr   .            (no gloves)
SInv    .            j - +0 pair of boots
Will    ++...        (no amulet) Stlth
                     e - ring of fire
HPRegen 2.23/turn    (no ring)
MPRegen 0.11/turn

%: no passive effects
@: berserking, strong-willed, regenerating, very quick
A: horns 2, retaliatory headbutt
a: Renounce Religion, Berserk, Trog's Hand, Brothers in Arms


You were on level 9 of the Dungeon.
You worshipped Trog.
Trog was greatly pleased with you.
You visited 1 branch of the dungeon, and saw 9 of its levels.

You collected 395 gold pieces.

Inventory:

Hand Weapons
 a - a +0 mace
 w - a +3 trident of freezing
 K - a +0 battleaxe of venom (weapon)
Missiles
 p - 3 boomerangs
 r - a throwing net
Armour
 b - a +0 animal skin
 j - a +0 pair of boots (worn)
 k - a +0 ring mail
 o - a +0 cloak
 x - a +0 cloak (worn)
 G - the +1 ring mail of the Untouchables (worn) {Regen+ Dex+4 Slay+3}
   (You found it on level 8 of the Dungeon)

   Dex:       It affects your dexterity (+4).
   Slay:      It affects your accuracy & damage with ranged weapons and melee
   (+3).
   Regen:     It increases your rate of health regeneration.
Jewellery
 e - a ring of fire (left hand)
 F - a ring of ice
Wands
 q - a wand of light (13)
 u - a wand of flame (11)
 y - a wand of roots (2)
Scrolls
 c - 12 scrolls of identify {unknown}
 d - 3 scrolls of vulnerability {unknown}
 f - 3 scrolls of teleportation {unknown}
 g - a scroll of blinking {unknown}
 h - 2 scrolls of torment {unknown}
 m - 2 scrolls of fear {unknown}
 n - 3 scrolls of noise {unknown}
 s - a scroll of enchant weapon {unknown}
 v - a scroll of fog {unknown}
 C - a scroll of silence {unknown}
 D - a scroll of revelation {unknown}
 H - a scroll of enchant armour {unknown}
Potions
 i - 2 potions of enlightenment
 l - a potion of attraction
 t - a potion of might {unknown}
 z - a potion of cancellation {unknown}
 A - 2 potions of degeneration {unknown}
 B - a potion of mutation {unknown}
 E - a potion of heal wounds
 I - 2 potions of berserk rage {unknown}
 J - a potion of haste {unknown}


   Skills:
 + Level 10.7 Fighting
 + Level 3.1(7.1) Axes
 - Level 10.1(10.3) Maces & Flails
 + Level 10.3 Armour
 + Level 9.5 Dodging


You had 9 spell levels left.
You didn't know any spells.
Your spell library was empty.

Dungeon Overview and Level Annotations

Branches:
Dungeon (9/15)             Temple (0/1) D:6             Orc (0/2) D:9
   Lair: D:8-11

Altars:
Dithmenos
Elyvilon
Kikubaaqudgha
Makhleb
Okawaru
Qazlal
Ru
Trog
Vehumet
Wu Jian
The Shining One

Shops:
D:8 [   D:9 ?(


Innate Abilities, Weirdness & Mutations

You have a pair of horns on your head.
You reflexively headbutt those who attack you in melee.


Message History

Something tries to affect you, but you resist.
You barely miss the death yak.
The death yak bellows!
You headbutt the death yak!
The death yak is moderately wounded.
You hit the death yak. You slash the death yak!
The death yak looks as sick as possible!
You slash something! You closely miss something.
Your headbutt misses something. You hit the death yak.
The death yak looks as sick as possible!
You slash the death yak!
The death yak is poisoned.
You hit the death yak but do no damage.
The death yak looks as sick as possible!
The death yak gores you! Something draws life force from you!
The death yak closely misses you. You furiously retaliate!
You headbutt the death yak! The death yak gores you.
The death yak snorts and paws the ground.
You barely miss something. Your headbutt misses something.
You hit the death yak but do no damage.
The death yak looks as sick as possible!
You slash the death yak! x2
The death yak looks as sick as possible!
The death yak closely misses you. You furiously retaliate!
You headbutt the death yak! The death yak gores you! Something hits you.
Something bites you!
* * * LOW HITPOINT WARNING * * *
Something draws strength from your injuries!
The death yak misses you. You furiously retaliate!
You headbutt the death yak! You miss something. You hit the death yak.
The death yak looks as sick as possible!
You completely miss the death yak. x2; Something hits you!
* * * LOW HITPOINT WARNING * * *
Something bites you.
* * * LOW HITPOINT WARNING * * *
Something draws strength from your injuries!
The death yak gores you!
* * * LOW HITPOINT WARNING * * *
The death yak barely misses you. The death yak gores you!!
You die...

#..<.......'))#......
#.........†####...... #
##.........# #...... ..
#.........# #...... ...
.######.### ######'
....###.....# #.
#....#....### #.
.....'Y...+ ##
....#Y@..# ######### ...
#Y{Y.# #)...g...
......######''g#####
...#....#...'†(.).'...
.....#...[#._.'..)P.'._.
.... #.∩..#...'.....'...
... #.<..######'''#####
#.# ###+## #..g####
###....##


You could see 4 death yaks.

Vanquished Creatures
  A centaur warrior (D:8)
  Erica (D:8)
  A boulder beetle (D:8)
  A gargoyle (D:8)
  A troll (D:9)
  A shadow (D:9)
  A wraith (D:9)
  A wyvern (D:8)
  4 water moccasins
  An orc warrior (D:9)
  A sky beast (D:8)
  2 black bears
  4 ice beasts
  2 ogres
  2 centaurs
  5 phantoms
  Blork the orc (D:6)
  4 kobold brigands
  4 bullfrogs
  A gnoll sergeant (D:9)
  12 wights
  4 killer bees (D:9)
  A howler monkey (D:6)
  2 jellies
  3 orc priests (D:9)
  3 hounds
  Crazy Yiuf (D:3)
  A gnoll bouda (D:7)
  5 iguanas
  Ijyb (D:5)
  7 orc wizards
  2 sleepcaps (D:6)
  5 ogre zombies (D:9)
  8 adders
  7 gnolls
  A shadow imp (D:6)
  A white imp (D:6)
  2 worms (D:2)
  4 dart slugs
  19 orcs
  5 ball pythons
  3 endoplasms
  4 giant cockroaches
  6 goblins
  4 hobgoblins
  15 jackals
  3 quokkas
  2 bats
  3 goblin skeletons (D:9)
  A goblin zombie (D:9)
  A hobgoblin zombie (D:9)
  12 kobolds
  2 orc skeletons (D:9)
  7 orc zombies (D:9)
  3 rats
199 creatures vanquished.

Notes
Turn   | Place    | Note
-------+----------+-------------------------------------------
     0 | D:1      | AlexRAT the Minotaur Berserker began the quest for the Orb.
     0 | D:1      | Reached XP level 1. HP: 19/19 MP: 0/0
   327 | D:1      | Reached XP level 2. HP: 15/27 MP: 1/1
   605 | D:1      | Found a faded altar of an unknown god.
   685 | D:1      | Found a stormy altar of Qazlal.
   922 | D:2      | Reached XP level 3. HP: 33/33 MP: 2/2
  1767 | D:3      | Reached ** piety under Trog
  1768 | D:3      | Reached XP level 4. HP: 32/40 MP: 3/3
  1856 | D:3      | Found a glowing golden altar of the Shining One.
  2075 | D:3      | Noticed a bullfrog
  2082 | D:3      | Killed a bullfrog
  2083 | D:3      | Reached XP level 5. HP: 33/47 MP: 4/4
  2403 | D:3      | Found a runed translucent door.
  2404 | D:3      | Noticed Crazy Yiuf
  2413 | D:3      | Killed Crazy Yiuf
  2578 | D:4      | Reached skill level 5 in Fighting
  2645 | D:4      | Reached skill level 5 in Maces & Flails
  2734 | D:4      | Noticed a phantom
  2744 | D:4      | Killed a phantom
  2745 | D:4      | Reached XP level 6. HP: 56/56 MP: 5/5
  3042 | D:5      | Entered Level 5 of the Dungeon
  3364 | D:5      | Noticed Ijyb
  3383 | D:5      | Killed Ijyb
  3384 | D:5      | Reached skill level 5 in Armour
  3447 | D:5      | Reached XP level 7. HP: 59/62 MP: 6/6
  3564 | D:5      | Reached skill level 5 in Dodging
  3703 | D:5      | Found a bloodstained altar of Trog.
  3734 | D:5      | Identified the +1 robe of the Enfolding Gods {Harm}
  3800 | D:5      | Reached *** piety under Trog
  3939 | D:5      | Noticed a yak
  3940 | D:5      | Noticed a two-headed ogre
  4127 | D:6      | Reached XP level 8. HP: 51/71 MP: 7/7
  4239 | D:6      | Found an iron altar of Okawaru.
  4301 | D:6      | Found a staircase to the Ecumenical Temple.
  4744 | D:6      | Noticed Blork the orc
  4752 | D:6      | Killed Blork the orc
  4877 | D:6      | Found a shadowy altar of Dithmenos.
  4877 | D:6      | Found a sacrificial altar of Ru.
  5037 | D:6      | Reached XP level 9. HP: 70/81 MP: 8/8
  5071 | D:6      | Found a radiant altar of Vehumet.
  5422 | D:7      | Found an ancient bone altar of Kikubaaqudgha.
  5652 | D:7      | Found a white marble altar of Elyvilon.
  6532 | D:8      | Identified the +1 ring mail of the Untouchables {Regen+
                  | Dex+4 Slay+3}
  6596 | D:8      | Noticed a boulder beetle
  6611 | D:8      | Killed a boulder beetle
  6612 | D:8      | Reached XP level 10. HP: 80/91 MP: 9/9
  6678 | D:8      | Found Ahue's Armour Shop.
  6706 | D:8      | Noticed a centaur warrior
  6716 | D:8      | Killed a centaur warrior
  6778 | D:8      | Noticed a gargoyle
  6784 | D:8      | Killed a gargoyle
  6867 | D:8      | Noticed Erica
  6875 | D:8      | Killed Erica
  6876 | D:8      | Reached skill level 10 in Fighting
  6876 | D:8      | Reached skill level 10 in Maces & Flails
  7272 | D:9      | Reached skill level 1 in Axes
  7294 | D:9      | Noticed a skeletal warrior
  7294 | D:9      | Noticed a skeletal warrior
  7298 | D:9      | Noticed a skeletal warrior
  7298 | D:9      | Noticed a skeletal warrior
  7378 | D:9      | Found Ylooqamo's Weapon Shoppe.
  7454 | D:9      | Found an ornate altar of the Wu Jian Council.
  7455 | D:9      | Found a burning altar of Makhleb.
  7503 | D:9      | Reached **** piety under Trog
  7536 | D:9      | Reached skill level 10 in Armour
  7547 | D:9      | Found a staircase to the Orcish Mines.
  7643 | D:9      | Noticed a death yak
  7678 | D:9      | Found Waosol's Magic Scroll Boutique.
  7680 | D:9      | Noticed a death yak
  7680 | D:9      | Noticed a death yak
  7681 | D:9      | Noticed a death yak
  7685 | D:9      | Noticed a death yak
  7690 | D:9      | HP: 7/141 [death yak (16)]
  7690 | D:9      | Demolished by a death yak

Illustrated notes

Levels and vault maps discovered:
D:1:      dpeg_arrival_water_altar, layout_basic,
          dilly_ecumenical_altar_fadedgnrine
D:2:      layout_loops_ring
D:3:      layout_loops_ring, tso_oasis_becter, minmay_goblin_kobold_house,
          uniq_crazy_yiuf_cottage
D:4:      layout_cave_pools
D:5:      layout_basic, kennysheep_little_box, lightli_corner_chamber, uniq_ijyb
D:6:      layout_loops_cross, lemuel_crystal_altar, marbit_many_paths,
          mainiacjoe_overflow_large_starburst, minmay_temple_entry_ruins,
          uniq_blork_the_orc
D:7:      layout_basic, mainiacjoe_overflow_alcove_4, kennysheep_mini,
          chequers_serial_rivers_room_b
D:8:      minmay_diamond_stairs, layout_basic, serial_shops,
          nicolae_shop_peninsula, uniq_erica
D:9:      layout_roguey, mainiacjoe_overflow_big_doors, fedhas_altar_4,
          dpeg_lair_monsters, zombieorc1_lemuel, serial_shops, shop,
          nicolae_shop_rolling_square, shop, nicolae_shop_bloodbath_and_beyond,
          nicolae_shop_dealshenge, uniq_erolcha, uniq_pikel

Skill      XL: |  1  2  3  4  5  6  7  8  9 10 |
---------------+-------------------------------+-----
Fighting       | 4 5 6 7 9 10 | 10.7
Maces & Flails | 4 5 6 7 9 10 | 10.1
Armour         | 3 4 5 6 7 9 10 | 10.3
Dodging        | 3 4 5 6 8 9 |  9.5
Axes           | 3 |  3.1

Action                     |  1- 3 |  4- 6 |  7- 9 | 10-12 || total
---------------------------+-------+-------+-------+-------++-------
  Melee: Mace              |    79 |   134 |    66 |       ||   279
         Headbutt          |    12 |    16 |    36 |    17 ||    81
         Punch             |     2 |       |     1 |     1 ||     4
         Trident           |       |       |   165 |   107 ||   272
         Battleaxe         |       |       |       |    22 ||    22
 Invoke: Berserk           |       |     1 |     5 |     6 ||    12
         Trog's Hand       |       |       |       |     2 ||     2
    Use: Potion            |       |     1 |     3 |       ||     4
 Armour: Animal skin       |    16 |       |       |       ||    16
         Ring mail         |       |    71 |    82 |    61 ||   214
  Dodge: Dodged            |    60 |    91 |   132 |   115 ||   398

Table legend: (Time is in decaauts)
 A = Elapsed time spent in this place.
 B = Non-inter-level travel time spent in this place.
 C = Inter-level travel time spent in this place.
 D = Time resting spent in this place.
 E = Time spent auto-exploring this place.
 F = Levels seen in this place.
 G = Mean time per level.
                   A        B        C        D        E       F      G
               +--------+--------+--------+--------+--------+-----+--------+
         Total |   7902 |   7589 |    313 |    373 |   5841 |   9 |  878.0 |
       Dungeon |   7902 |   7589 |    313 |    373 |   5841 |   9 |  878.0 |
               +--------+--------+--------+--------+--------+-----+--------+

Top non-repeatable levels by time:
     D:8: 1297 daAuts
     D:6: 1181 daAuts
     D:3: 1041 daAuts
     D:5: 996 daAuts
     D:7: 921 daAuts
     D:1: 758 daAuts
     D:2: 724 daAuts
     D:4: 559 daAuts
     D:9: 422 daAuts
